 Dungeon Crawl Stone Soup version 0.19.1-1-g22dce08 (webtiles) character file.

129532 Angani the Tortoise (level 16, -12/157 HPs)
             Began as a Minotaur Monk on Jan 15, 2017.
             Was the Champion of Ashenzari.
             Mangled by a wolf spider (14 damage)
             ... on level 4 of the Lair of Beasts on Jan 16, 2017.
             The game lasted 01:56:57 (32009 turns).

Angani the Tortoise (Minotaur Monk)                Turns: 32009, Time: 01:56:57

Health: -12/157    AC: 37    Str: 27    XL:     16   Next: 50%
Magic:  0/15       EV: 17    Int:  7    God:    Ashenzari [******]
Gold:   366        SH:  0    Dex: 17    Spells: 0 memorised, 15 levels left

rFire  + . .     SeeInvis +     e - +6 dire flail (curse)
rCold  + + .     Gourm    .     U - +3 plate armour {rC+}
rNeg   + . .     Faith    .     (shield currently unavailable)
rPois  .         Spirit   +     m - +2 hat
rElec  .         Reflect  .     a - +2 cloak "Mucuodghi" {Str+5 Int-3 Stlth+} (curse)
rCorr  .         Harm     .     y - +2 pair of gloves (curse)
MR     +....     Clarity  +     b - +2 pair of boots (curse)
Stlth  ..........               o - amulet of guardian spirit
                                r - ring "Ponari" {rN+ Int+3 Stlth+} (curse)
                                N - ring of Icred {rF+ rC+ Str+3 Slay+4} (curse)

@: no status effects
A: retaliatory headbutt, horns 2, mutation resistance 1
a: Curse Item, Scrying, Transfer Knowledge, Renounce Religion


You were on level 4 of the Lair of Beasts.
You worshipped Ashenzari.
Ashenzari was exalted by your worship.
You were very full.

You visited 5 branches of the dungeon, and saw 25 of its levels.
You also visited: Ice Cave.

You collected 2152 gold pieces.
You spent 1786 gold pieces at shops.

Inventory:

Hand Weapons
 e - a cursed +6 dire flail (weapon)
 n - the cursed +2 mace "Killer Bee's Death" {speed, rPois}
   (You bought it in a shop on level 2 of the Orcish Mines)

   Attacks with this weapon are significantly faster.
   It protects you from poison.
   It has a curse placed upon it.
 Y - a +3 great mace of holy wrath
Armour
 a - the cursed +2 cloak "Mucuodghi" (worn) {Str+5 Int-3 Stlth+}
   (You bought it in a shop on level 11 of the Dungeon)

   It affects your strength (+5).
   It affects your intelligence (-3).
   It makes you more stealthy.
   It has a curse placed upon it.
 b - a cursed +2 pair of boots (worn)
 m - a +2 hat (worn)
 x - the +0 pair of boots of the Original Sin {rC+ Regen+ Str-2}
   (You found it on level 8 of the Dungeon)

   It affects your strength (-2).
   It protects you from cold.
   It increases your rate of regeneration.
 y - a cursed +2 pair of gloves (worn)
 S - the +1 pair of gloves of Fun and Games {+Blink Int+2}
   (You bought it in a shop on level 1 of the Orcish Mines)

   It affects your intelligence (+2).
   It lets you blink.
 U - a +3 plate armour of cold resistance (worn)
Jewellery
 o - an amulet of guardian spirit (around neck)
 r - the cursed ring "Ponari" (right hand) {rN+ Int+3 Stlth+}
   (You found it on level 9 of the Dungeon)

   [ring of positive energy]

   It affects your intelligence (+3).
   It protects you from negative energy.
   It makes you more stealthy.
   It has a curse placed upon it.
 N - the cursed ring of Icred (left hand) {rF+ rC+ Str+3 Slay+4}
   (You bought it in a shop on level 5 of the Dungeon)

   [ring of protection from fire]

   It affects your strength (+3).
   It affects your accuracy and damage with ranged weapons and melee attacks
   (+4).
   It protects you from fire.
   It protects you from cold.
   It has a curse placed upon it.
Wands
 d - a wand of heal wounds (0/9)
 u - a wand of digging (7/24)
 z - a wand of disintegration (14/24)
 D - a wand of slowing (13/48)
 E - a wand of iceblast (8/15)
 L - a wand of flame (22/48)
 Q - a wand of lightning (8/15)
 T - a wand of acid (8/15)
Scrolls
 p - 8 scrolls of teleportation
 t - 3 scrolls of amnesia
 v - 2 scrolls of recharging
 B - 2 scrolls of torment
 M - 2 scrolls of immolation
 Z - a scroll of magic mapping
Potions
 g - 2 potions of flight
 h - a potion of cancellation
 i - 2 potions of might
 l - 4 potions of heal wounds
 q - a potion of haste
 s - 4 potions of curing
 A - a potion of brilliance
 G - a potion of cure mutation
 K - 2 potions of magic
 O - 2 potions of ambrosia
 P - 2 potions of resistance
 R - a potion of invisibility
 X - 3 potions of agility
Miscellaneous
 C - a lamp of fire
Comestibles
 c - 14 bread rations
 f - a beef jerky
 j - 13 meat rations
 k - 17 royal jellies


   Skills:
 - Level 18.0 Fighting
 + Level 18.3(23.1) Maces & Flails
 - Level 19.7(23.2) Armour
 - Level 14.0 Dodging
 - Level 1.5 Stealth


You had 15 spell levels left.
You didn't know any spells.

Dungeon Overview and Level Annotations

Branches:
Dungeon (15/15)            Temple (1/1) D:5            Lair (6/6) D:10
 Shoals (0/4) Lair:4       Spider (1/4) Lair:4        Slime (0/5) Lair:5
    Orc (2/2) D:12            Elf (0/3) Orc:2        Vaults (0/5) D:13
 Depths (0/5) D:15

Altars:
Ashenzari
Cheibriados
Dithmenos
Elyvilon
Fedhas
Gozag
Hepliaklqana
Kikubaaqudgha
Makhleb
Nemelex Xobeh
Okawaru
Qazlal
Ru
Sif Muna
Trog
Uskayaw
Vehumet
Xom
Yredelemnul
Zin
The Shining One
Beogh
Jiyva

Shops:
D:5 :=   D:11 [   Orc:1 [   Orc:2 [(((

Annotations:
Lair:2 exclusion: 2 oklob plants
Lair:5 Snorg


Innate Abilities, Weirdness & Mutations

You reflexively headbutt those who attack you in melee.
You have a pair of horns on your head.
You are somewhat resistant to further mutation.


Message History

You feel better. The wolf spider completely misses you.
The wolf spider misses you. The redback barely misses you.
You furiously retaliate!
You headbutt the redback! The wolf spider hits you!!
* * * LOW HITPOINT WARNING * * *
The wolf spider barely misses you.
The redback bites you but does no damage.
Unknown command.
Unknown command.
As you read the scroll of fear, it crumbles to dust.
You assume a fearsome visage.
The redback looks frightened!
The wolf spider closely misses you. You furiously retaliate!
You headbutt the wolf spider! The wolf spider barely misses you.
The wolf spider closely misses you.
The wolf spider bites you but does no damage.
Unknown command.
Unknown command.
You puncture the wolf spider! You headbutt the wolf spider!!
The wolf spider is almost dead.
The wolf spider hits you!
You die...

#...........###..###.##.....##
##..#........##..###.##.#...P##
#..........>..#.......##.....##
##...........................#P
###............................
#..............................
##..........s..................
##..............s...........#...
#..............@.......P....##..
#.##.#..##....†........##..P....
#######.###.......#....###......
### ######.##.#####......#
###### ########


You could see a wolf spider (berserk) and a redback (fleeing).

Vanquished Creatures
  Rupert (Lair:6)
  A frost giant (IceCv)
  3 orc warlords
  2 entropy weavers
  Azrael (D:12)
  7 vault guards
  2 ogre magi (D:15)
  8 hydras
  2 catoblepae
  5 centaur warriors
  A death knight (D:14)
  11 death yaks
  Urug (D:12)
  A queen ant (Lair:4)
  Nergalle (Lair:4)
  3 skeletal warriors (D:15)
  2 unseen horrors
  A phantasmal warrior (D:14)
  A wizard (D:15)
  4 orc knights
  3 wolf spiders (Spider:1)
  10 hill giants
  11 ugly things
  5 deep elf magi
  A cyclops (D:13)
  8 slime creatures
  2 manticores
  3 orc sorcerers
  A moth of wrath (Spider:1)
  7 elephants
  2 black mambas
  3 gargoyles
  An ice statue (IceCv)
  A naga mage (D:15)
  A torpor snail (Spider:1)
  13 spiny frogs
  4 komodo dragons
  A redback zombie (D:8)
  6 rime drakes
  2 hellwings (D:8)
  2 freezing wraiths
  2 jumping spiders (Lair:4)
  The ghost of kwasso the Chopper, an amateur HOFi (D:4)
  18 polar bears
  A harpy skeleton (D:14)
  A merfolk (D:12)
  3 hornets
  9 trolls
  Prince Ribbit (Lair:3)
  18 blink frogs
  14 hippogriffs
  3 raiju (Lair:6)
  5 two-headed ogres
  5 dream sheep (Lair:4)
  2 meliai zombies
  A vampire (D:13)
  3 wraiths (D:14)
  65 yaks
  3 wyverns
  2 redbacks (Spider:1)
  Eustachio (D:4)
  2 fire elementals (D:12)
  A steam dragon (D:9)
  A vampire mosquito (D:9)
  8 basilisks
  3 hungry ghosts
  3 mottled dragons
  13 wargs
  18 soldier ants
  Duvessa (D:7)
  10 water moccasins
  10 hell hounds
  34 orc warriors
  10 porcupines
  5 ice beasts
  13 black bears (Lair:6)
  2 sky beasts
  A hornet zombie (D:5)
  16 ogres
  6 phantoms
  30 wolves
  14 centaurs
  14 crocodiles
  4 big kobolds
  23 bullfrogs
  A wyvern skeleton (D:14)
  2 scorpions
  Dowan (D:7)
  25 killer bees
  12 wights
  6 howler monkeys
  5 bullfrog zombies
  7 crimson imps
  6 centaur zombies
  9 jellies
  A quasit (D:8)
  2 bullfrog skeletons
  19 hounds
  11 centaur skeletons
  31 orc priests
  A gnoll shaman (D:5)
  4 iguanas
  Ijyb (D:3)
  Natasha (D:2)
  40 orc wizards
  Terence (D:3)
  23 worker ants
  A hound zombie (D:7)
  2 hound skeletons
  Robin (D:3)
  A worker ant zombie (D:5)
  3 gnolls (D:5)
  17 adders
  A howler monkey skeleton (D:8)
  2 river rats
  8 shadow imps
  12 white imps (Lair:2)
  3 oozes
  An adder zombie (D:5)
  An adder skeleton (D:8)
  11 worms
  6 dart slugs
  3 leopard geckos
  113 orcs
  3 ball pythons
  10 bats
  6 giant cockroaches
  10 goblins
  9 hobgoblins
  7 jackals
  14 kobolds
  7 quokkas
  2 frilled lizards (D:2)
  A leopard gecko skeleton (D:6)
  A quokka skeleton (D:9)
  A quokka zombie (D:9)
  9 rats
  A fungus (D:10)
  5 plants
1026 creatures vanquished.

Vanquished Creatures (others)
  5 polar bears (IceCv)
  A yak (IceCv)
  5 wolves (IceCv)
  14 fungi
  9 plants
34 creatures vanquished.

Grand Total: 1060 creatures vanquished

Notes
Turn   | Place    | Note
-------+----------+-------------------------------------------
     0 | D:1      | Angani the Minotaur Monk began the quest for the Orb.
     0 | D:1      | Reached XP level 1. HP: 19/19 MP: 0/0
   236 | D:1      | Reached XP level 2. HP: 18/26 MP: 1/1
   790 | D:2      | Reached skill level 5 in Maces & Flails
   791 | D:2      | M&F 5 at start of D2
   823 | D:2      | Reached skill level 1 in Armour
   823 | D:2      | Reached XP level 3. HP: 31/31 MP: 2/2
   868 | D:2      | Reached skill level 2 in Armour
   956 | D:2      | Found a shimmering altar of Xom.
   956 | D:2      | Found a basalt altar of Yredelemnul.
  1043 | D:2      | Found a hide-covered altar of Uskayaw.
  1061 | D:2      | Reached XP level 4. HP: 39/39 MP: 3/3
  1105 | D:2      | Reached skill level 3 in Armour
  1113 | D:2      | Noticed Natasha
  1136 | D:2      | 6 HW is kinda amazing
  1158 | D:2      | Killed Natasha
  1168 | D:2      | Found a blossoming altar of Fedhas.
  1301 | D:2      | Found an opulent altar of Gozag.
  1384 | D:2      | Reached skill level 4 in Armour
  1707 | D:3      | Noticed Robin
  1719 | D:3      | Killed Robin
  1719 | D:3      | Reached XP level 5. HP: 28/45 MP: 4/4
  2013 | D:3      | Noticed Terence
  2028 | D:3      | Killed Terence
  2028 | D:3      | Reached skill level 5 in Armour
  2141 | D:3      | Noticed Ijyb
  2151 | D:3      | Killed Ijyb
  2480 | D:4      | Noticed kwasso's ghost (amateur HOFi)
  2584 | D:4      | Reached XP level 6. HP: 49/51 MP: 5/5
  2785 | D:4      | Noticed Eustachio
  2845 | D:4      | Killed Eustachio
  2845 | D:4      | Reached skill level 5 in Dodging
  3077 | D:4      | Reached XP level 7. HP: 50/57 MP: 6/6
  3195 | D:5      | Entered Level 5 of the Dungeon
  3393 | D:5      | Found a staircase to the Ecumenical Temple.
  3467 | D:5      | Reached skill level 5 in Fighting
  3882 | D:5      | Found Oruomoik's Jewellery Boutique.
  3949 | D:5      | Found Sepetuum's Book Boutique.
  4592 | Temple   | Entered the Ecumenical Temple
  4885 | Temple   | Became a worshipper of Ashenzari the Shackled
  4885 | Temple   | Reached * piety under Ashenzari
  4885 | Temple   | Reached ** piety under Ashenzari
  5115 | D:4      | Reached XP level 8. HP: 68/68 MP: 7/7
  5365 | D:4      | Killed kwasso's ghost
  5808 | D:6      | Found a deep blue altar of Sif Muna.
  6006 | D:6      | Reached skill level 10 in Maces & Flails
  6740 | D:7      | Reached XP level 9. HP: 57/74 MP: 8/8
  7301 | D:7      | Noticed Dowan
  7307 | D:7      | Noticed Duvessa
  7319 | D:7      | Killed Dowan
  7333 | D:7      | Killed Duvessa
  8322 | D:8      | Identified the +0 pair of boots of the Original Sin {rC+ Regen+ Str-2}
  8443 | D:8      | Reached skill level 6 in Armour
  8555 | D:8      | Gained mutation: You tend to lose your temper in combat. [mutagenic meat]
  8556 | D:8      | Gained mutation: You are somewhat resistant to further mutation. [mutagenic meat]
  8558 | D:8      | Gained mutation: Your body sometimes deteriorates upon taking damage. [mutagenic meat]
  8698 | D:8      | Reached XP level 10. HP: 81/81 MP: 9/9
  8776 | D:8      | Gained mutation: Your spells are a little easier to cast, but a little less powerful. [potion of mutation]
  8777 | D:8      | Gained mutation: Your flesh is cold resistant. (rC+) [potion of mutation]
  8883 | D:8      | Reached skill level 7 in Armour
  8897 | D:8      | Reached skill level 8 in Armour
  8960 | D:8      | Reached skill level 9 in Armour
  9008 | D:8      | Reached skill level 10 in Armour
  9021 | D:8      | Reached skill level 11 in Armour
  9868 | D:9      | Reached *** piety under Ashenzari
  9893 | D:9      | Reached XP level 11. HP: 80/92 MP: 10/10
  9949 | D:9      | Noticed a deep elf mage
 10110 | D:9      | Identified the +1 leather armour "Piaczoocs" {MP+9}
 10188 | D:9      | Noticed a green ugly thing
 10199 | D:9      | Killed a green ugly thing
 10255 | D:9      | Killed a deep elf mage
 10360 | D:9      | Identified the ring "Ponari" {rN+ Int+3 Stlth+}
 10701 | D:9      | Reached skill level 10 in Fighting
 11165 | D:10     | Entered Level 10 of the Dungeon
 11286 | D:10     | Found a staircase to the Lair.
 11944 | Lair:1   | Entered Level 1 of the Lair of Beasts
 12418 | Lair:1   | Found a sparkling altar of Nemelex Xobeh.
 12676 | Lair:1   | Noticed an eight-headed hydra
 12687 | Lair:1   | Killed an eight-headed hydra
 12687 | Lair:1   | Reached skill level 10 in Dodging
 13211 | Lair:2   | Found a frozen archway.
 13253 | Lair:2   | Reached XP level 12. HP: 87/106 MP: 8/11
 13270 | IceCv    | Entered an ice cave
 14266 | IceCv    | Noticed a frost giant
 14279 | IceCv    | Killed a frost giant
 14844 | Lair:2   | Noticed a seven-headed hydra
 14865 | Lair:2   | Killed a seven-headed hydra
 14871 | Lair:2   | Reached skill level 12 in Armour
 15103 | Lair:2   | Reached **** piety under Ashenzari
 15571 | Lair:2   | Reached XP level 13. HP: 109/124 MP: 10/12
 16065 | Lair:2   | Reached skill level 13 in Armour
 16496 | Lair:3   | Noticed Prince Ribbit
 16505 | Lair:3   | Killed Prince Ribbit
 16718 | Lair:3   | Reached skill level 14 in Armour
 17076 | Lair:4   | Reached ***** piety under Ashenzari
 17258 | Lair:4   | Noticed an entropy weaver
 17465 | Lair:4   | Noticed an entropy weaver
 17590 | Lair:4   | Killed an entropy weaver
 17943 | Lair:4   | Noticed Nergalle
 17949 | Lair:4   | Killed Nergalle
 18302 | Lair:2   | Killed an entropy weaver
 18638 | Lair:4   | Found an opulent altar of Gozag.
 18707 | Lair:4   | Found a hole to the Spider Nest.
 18746 | Lair:4   | Found a staircase to the Shoals.
 19660 | Lair:5   | Noticed Snorg
 19676 | Lair:5   | HP: 4/124 [Snorg (14)]
 20082 | Lair:5   | Reached XP level 14. HP: 119/132 MP: 11/13
 20167 | Lair:5   | Reached skill level 15 in Maces & Flails
 20269 | Lair:5   | Found a runed door.
 20270 | Lair:5   | Found a viscous altar of Jiyva.
 20292 | Lair:5   | Found a staircase to the Slime Pits.
 21112 | Lair:6   | Entered Level 6 of the Lair of Beasts
 21112 | Lair:6   | Noticed Rupert
 21133 | Lair:6   | Killed Rupert
 21909 | D:5      | Bought the ring of Icred {rF+ rC+ Str+3 Slay+4} for 683 gold pieces
 22511 | Lair:6   | Reached skill level 15 in Armour
 23041 | Lair:6   | Reached skill level 16 in Armour
 23673 | D:11     | Reached ****** piety under Ashenzari
 23717 | D:11     | Reached XP level 15. HP: 138/138 MP: 14/14
 23720 | D:11     | Found Asicimas's Antique Armour Boutique.
 23729 | D:11     | Bought a pitted cloak for 247 gold pieces
 23729 | D:11     | Identified the +2 cloak "Mucuodghi" {Str+5 Int-3 Stlth+} (You bought it in a shop on level 11 of the Dungeon)
 23881 | D:11     | Lost mutation: You tend to lose your temper in combat. [potion of cure mutation]
 23881 | D:11     | Lost mutation: Your spells are a little easier to cast, but a little less powerful. [potion of cure mutation]
 23881 | D:11     | Lost mutation: Your body sometimes deteriorates upon taking damage. [potion of cure mutation]
 23881 | D:11     | Lost mutation: Your flesh is cold resistant. (rC+) [potion of cure mutation]
 24293 | D:12     | Noticed Azrael
 24294 | D:12     | Reached skill level 17 in Armour
 24302 | D:12     | Killed Azrael
 24358 | D:12     | Noticed Urug
 24383 | D:12     | Paralysed by a hornet for 1 turns
 24391 | D:12     | Killed Urug
 24506 | D:12     | Found a staircase to the Orcish Mines.
 24516 | D:12     | Found a stormy altar of Qazlal.
 24698 | D:12     | Reached skill level 18 in Armour
 24954 | D:12     | Identified the cursed +1 rapier of Exoneration {pierce, Int+3}
 25328 | D:13     | Found a gate to the Vaults.
 25648 | D:13     | Found a shadowy altar of Dithmenos.
 25716 | D:13     | Reached skill level 19 in Armour
 26296 | Orc:1    | Entered Level 1 of the Orcish Mines
 26406 | Orc:1    | Noticed an orc warlord
 26418 | Orc:1    | Killed an orc warlord
 26432 | Orc:1    | Found Hocug's Antique Armour Boutique.
 26669 | Orc:1    | Bought a pair of faintly glowing gloves for 304 gold pieces
 26669 | Orc:1    | Identified the +1 pair of gloves of Fun and Games {+Blink Int+2} (You bought it in a shop on level 1 of the Orcish Mines)
 26669 | Orc:1    | Bought a pair of warped gloves for 304 gold pieces
 26669 | Orc:1    | Identified the -7 pair of gloves of the Aged Hells {rPois rF+ rC+ Str-2} (You bought it in a shop on level 1 of the Orcish Mines)
 26759 | Orc:2    | Entered Level 2 of the Orcish Mines
 26759 | Orc:2    | Found a roughly hewn altar of Beogh.
 26875 | Orc:2    | Found a roughly hewn altar of Beogh.
 27085 | Orc:2    | Found a roughly hewn altar of Beogh.
 27208 | Orc:2    | Reached skill level 15 in Fighting
 27315 | Orc:2    | Noticed an orc warlord
 27342 | Orc:2    | Killed an orc warlord
 27581 | Orc:2    | Found Zoniy's Antique Armour Boutique.
 27582 | Orc:2    | Found a roughly hewn altar of Beogh.
 27594 | Orc:2    | Found Ahuchoet's Antique Weapon Shop.
 27654 | Orc:2    | Noticed an orc warlord
 27698 | Orc:2    | Killed an orc warlord
 27716 | Orc:2    | Found a roughly hewn altar of Beogh.
 27737 | Orc:2    | Found a roughly hewn altar of Beogh.
 27741 | Orc:2    | Found Nisuc's Antique Weapon Shop.
 27750 | Orc:2    | Bought a steaming mace for 248 gold pieces
 27750 | Orc:2    | Identified the cursed +2 mace "Killer Bee's Death" {speed, rPois} (You bought it in a shop on level 2 of the Orcish Mines)
 27817 | Orc:2    | Found a staircase to the Elven Halls.
 27922 | Orc:2    | Found a roughly hewn altar of Beogh.
 27923 | Orc:2    | Found Xoej's Antique Weapon Shop.
 28830 | D:14     | Reached XP level 16. HP: 152/152 MP: 15/15
 29722 | D:15     | Entered Level 15 of the Dungeon
 30122 | D:15     | Paralysed by an ogre mage for 5 turns
 30855 | D:15     | Found a staircase to the Depths.
 31860 | Spider:1 | Entered Level 1 of the Spider Nest
 32007 | Lair:4   | HP: 2/157 [wolf spider (14)]
 32009 | Lair:4   | Mangled by a wolf spider

Skill      XL: |  1  2  3  4  5  6  7  8  9 10 11 12 13 14 15 16 |
---------------+-------------------------------------------------+-----
Maces & Flails | 4 5 7 11 14 17 18 | 18.3
Armour         | 1 2 4 5 6 11 12 14 16 19 | 19.7
Dodging        | 6 10 11 14 | 14.0
Fighting       | 5 7 10 14 16 18 | 18.0
Stealth        | |  1.5

Action                   |  1- 3 |  4- 6 |  7- 9 | 10-12 | 13-15 | 16-18 || total
-------------------------+-------+-------+-------+-------+-------+-------++-------
Melee: Mace              |    71 |   200 |   436 |   222 |       |       ||   929
       Headbutt          |    11 |    36 |    97 |   256 |   389 |    63 ||   852
       Flail             |       |       |       |   229 |       |       ||   229
       Dire flail        |       |       |       |   469 |  1508 |   201 ||  2178
Invok: Curse Item        |       |       |     3 |       |     5 |       ||     8
Evoke: Lamp of fire      |       |       |       |     1 |     1 |       ||     2
       Wand              |       |       |       |       |    20 |     2 ||    22
  Use: Scroll            |       |     6 |     3 |     6 |    22 |     6 ||    43
       Potion            |       |     1 |     6 |    15 |     3 |     2 ||    27
 Stab: Sleeping          |       |       |     1 |    19 |    22 |     4 ||    46
       Distracted        |       |       |     1 |     1 |     3 |     2 ||     7
  Eat: Chunk             |       |     7 |    18 |    20 |    41 |     5 ||    91
       Fruit             |       |       |     4 |     3 |     2 |     3 ||    12
       Royal jelly       |       |       |     1 |       |       |       ||     1
       Beef jerky        |       |       |       |       |       |     7 ||     7
Armor: Chain mail        |    36 |   165 |   165 |       |       |       ||   366
       Leather armour    |       |       |    27 |   212 |   280 |    42 ||   561
       Skin              |       |       |       |    55 |       |       ||    55
       Plate armour      |       |       |       |       |       |    27 ||    27
Dodge: Dodged            |    22 |   117 |   213 |   653 |  1134 |   168 ||  2307
